 Dungeon Crawl Stone Soup version 0.29.1-1-gd02db6906a (webtiles) character file.

Game seed: 4092487880861496206

6410 hawla the Arsonist (level 10, -8/56 HPs)
             Began as a Deep Elf Fire Elementalist on Sept 26, 2022.
             Was a Priest of Vehumet.
             Mangled by Harold
             ... wielding a +0 battleaxe
              (19 damage)
             ... on level 10 of the Dungeon.
             The game lasted 00:21:10 (11877 turns).

hawla the Arsonist (Deep Elf Fire Elementalist)    Turns: 11877, Time: 00:21:10

Health: -8/56      AC:  5    Str:  5    XL:     10   Next: 66%
Magic:  23/27      EV: 14    Int: 31    God:    Vehumet [***...]
Gold:   773        SH:  0    Dex: 15    Spells: 22/31 levels left

rFire   . . .      SeeInvis .   z - +2 quarterstaff (spect)
rCold   . . .      Faith    .   (shield currently unavailable)
rNeg    . . .      Spirit   .   w - +1 robe {Will+}
rPois   +          Reflect  .   l - +1 hat
rElec   .          Harm     .   (no cloak)
rCorr   .          Rampage  .   (no gloves)
Will    ++...                   x - +0 pair of boots
Stlth   ++........              (no amulet)
HPRegen 0.18/turn               g - +6 ring of intelligence
MPRegen 0.20/turn               C - ring of poison resistance

@: brilliant, invisible
A: antennae 1, talons 1
a: Renounce Religion


You were on level 10 of the Dungeon.
You worshipped Vehumet.
Vehumet was most pleased with you.
You visited 1 branch of the dungeon, and saw 10 of its levels.

You collected 773 gold pieces.

Inventory:

Hand Weapons
 z - a +2 spectral quarterstaff (weapon)
Missiles
 d - 7 poisoned darts
 j - 3 throwing nets
Armour
 a - a +2 robe
 h - a +0 buckler
 l - a +1 hat (worn)
 w - a +1 robe of willpower (worn)
 x - a +0 pair of boots (worn)
Jewellery
 g - a +6 ring of intelligence (left hand)
 C - a ring of poison resistance (right hand)
Wands
 q - a wand of flame (37)
 y - a wand of mindburst (7)
 B - a wand of acid (14)
 E - a wand of paralysis (7)
Scrolls
 c - 4 scrolls of identify
 i - 2 scrolls of magic mapping
 m - 2 scrolls of fear
 n - a scroll of amnesia
 t - 4 scrolls of poison
 u - 2 scrolls of enchant armour
 D - a scroll of teleportation {unknown}
Potions
 b - a potion of magic
 f - 2 potions of brilliance
 k - 2 potions of berserk rage
 o - a potion of might
 p - 2 potions of curing {unknown}
 r - a potion of attraction
 s - 3 potions of degeneration {unknown}
 v - a potion of lignification {unknown}
 A - 2 potions of resistance


   Skills:
 + Level 3.3 Fighting
 + Level 4.4 Staves
 + Level 5.1 Dodging
 - Level 3.1 Stealth
 + Level 11.3 Spellcasting
 + Level 6.3 Conjurations
 + Level 11.5 Fire Magic


You had 22 spell levels left.
You knew the following spells:

 Your Spells              Type           Power      Damage    Failure   Level
a - Foxfire               Conj/Fire      100%       2x1d9     1%          1
b - Scorch                Fire           100%       2d10      1%          2
c - Flame Wave            Conj/Fire      83%        2d18      1%          4
d - Searing Ray           Conj           100%       2d8       1%          2

Your spell library contained the following spells:

 Spells                   Type           Power      Damage    Failure   Level
 Dazzling Flash           Conj/Hex       100%       N/A       1%          3
 Poisonous Vapours        Pois/Air       52%        N/A       1%          2
 Conjure Flame            Conj/Fire      83%        6-21      1%          3
 Inner Flame              Hex/Fire       69%        N/A       1%          3
 Sting                    Tmut/Pois      100%       1d8       2%          1
 Ensorcelled Hibernation  Hex/Ice        52%        N/A       4%          2
 Passwall                 Tmut/Erth      21%        N/A       4%          2
 Olgreb's Toxic Radiance  Pois           26%        N/A       8%          4
 Swiftness                Air            26%        N/A       9%          3


Dungeon Overview and Level Annotations

Branches:
Dungeon (10/15)            Temple (0/1) D:5            Lair (0/5) D:8
    Orc: D:9-12

Altars:
Ashenzari
Fedhas
Hepliaklqana
Kikubaaqudgha
Ru
Sif Muna
Uskayaw
Vehumet

Shops:
D:8 *

Annotations:
D:4 3 runed translucent doors, Haiku's ghost, amateur DrHu
D:10 Harold


Innate Abilities, Weirdness & Mutations

You have a pair of small antennae on your head.
You have sharp toenails.


Message History

Harold is nearby!
Harold is nearby!
Harold is nearby!
Harold is nearby!
An orc comes into view. It is wielding a +0 dagger.
Harold throws a throwing net.
The throwing net hits you.
You become entangled in the net!
You see here a throwing net.
You are held in a net!
Unknown command.
You struggle against the net.
Harold fires a harpoon shot at you. The harpoon shot hits you.
You are yanked forward by the harpoon shot.
An orc warrior and an orc priest come into view.
The orc warrior shouts!
Found a robe.
Casting: Flame Wave (safe; 1% risk of failure)
Confirm with . or Enter, or press ? or * to list all spells.
Flames lash the orc.
You kill the orc!
Vehumet accepts your kill. Harold hits you with a +0 battleaxe!
Unknown command.
Casting: Scorch (safe; 1% risk of failure)
Confirm with . or Enter, or press ? or * to list all spells.
Flames lash Harold.
Harold is lightly wounded.
Harold's fire resistance burns away.
The orc priest shouts!
Harold hits you with a +0 battleaxe!!
Ouch! That really hurt!
* * * LOW HITPOINT WARNING * * *
It was a potion of brilliance.
You feel clever all of a sudden.
Harold says, "Ah, this is what I got into this business for!"
Harold barely misses you.
You fade into invisibility!
The orc warrior barely misses you. Harold hits you with a +0 battleaxe!!
You die...

...................
........#..............
##.....###............#
....##................##
......####.(>..........#
...##.# #.............#
...#### #.........o...#
#... #.............#
#### #>.##..@.o#
#....#..@.#
#.....#..#..# #.....###.
.# #.... .. # #...# ...
#[.# ... #.. #..#


You could see Harold (unable to see you, combustible), an orc warrior (unable to
see you) and an orc priest (unable to see you).

Vanquished Creatures
  A two-headed ogre (D:8)
  Pikel (D:8)
  Joseph (D:7)
  A wyvern (D:9)
  5 yaks (D:9)
  Menkaure (D:5)
  An acid dragon (D:10)
  3 water moccasins
  4 black bears
  An orc warrior (D:8)
  2 ice beasts
  2 sky beasts (D:8)
  An ogre (D:5)
  4 centaurs
  A phantom (D:4)
  4 lemures (D:8)
  A bullfrog (D:8)
  A necrophage (D:6)
  A gnoll sergeant (D:8)
  3 scorpions
  15 wights
  3 howler monkeys
  6 hounds
  3 jellies
  5 orc priests
  A gnoll bouda (D:6)
  6 iguanas
  10 orc wizards
  8 gnolls
  4 adders
  3 white imps (D:7)
  An ufetubus (D:5)
  2 dart slugs
  34 orcs
  9 endoplasms
  A giant cockroach (D:3)
  10 hobgoblins
  A quokka (D:2)
  6 ball pythons
  5 bats
  10 goblins
  5 kobolds
  6 rats
193 creatures vanquished.

Vanquished Creatures (collateral kills)
  3 foxfires (D:1)
3 creatures vanquished.

Vanquished Creatures (others)
  An orc wizard (D:4)
  220 foxfires
  A fungus (D:1)
  A plant (D:1)
223 creatures vanquished.

Grand Total: 419 creatures vanquished

Notes
Turn   | Place    | Note
-------+----------+-------------------------------------------
     0 | D:1      | hawla the Deep Elf Fire Elementalist began the quest for
                  | the Orb.
     0 | D:1      | Reached XP level 1. HP: 10/10 MP: 6/6
   144 | D:1      | Found a faded altar of an unknown god.
   206 | D:1      | Reached XP level 2. HP: 15/15 MP: 6/8
   209 | D:1      | Learned a level 2 spell: Scorch
  1064 | D:2      | Reached XP level 3. HP: 19/19 MP: 1/9
  1837 | D:3      | Found a blossoming altar of Fedhas.
  2166 | D:3      | Reached skill level 1 in Staves
  2166 | D:3      | Reached XP level 4. HP: 15/24 MP: 5/11
  2171 | D:3      | Learned a level 4 spell: Flame Wave
  2658 | D:3      | Found a sacrificial altar of Ru.
  2744 | D:3      | Found a radiant altar of Vehumet.
  2744 | D:3      | Found a hide-covered altar of Uskayaw.
  2753 | D:3      | Became a worshipper of Vehumet
  3251 | D:4      | Noticed a phantom
  3256 | D:4      | Killed a phantom
  3257 | D:4      | Reached skill level 5 in Fire Magic
  3257 | D:4      | Reached XP level 5. HP: 26/28 MP: 6/12
  3597 | D:4      | Found a runed translucent gate.
  3598 | D:4      | Found a runed translucent gate.
  3598 | D:4      | Found a runed translucent gate.
  3598 | D:4      | Noticed Haiku's ghost (amateur DrHu)
  3782 | D:4      | Reached XP level 6. HP: 33/33 MP: 1/13
  3993 | D:4      | Found an ancient bone altar of Kikubaaqudgha.
  4114 | D:5      | Entered Level 5 of the Dungeon
  4138 | D:5      | Reached * piety under Vehumet
  4138 | D:5      | Offered knowledge of Magic Dart by Vehumet.
  4232 | D:5      | Noticed an ice beast
  4242 | D:5      | Killed an ice beast
  4243 | D:5      | Reached XP level 7. HP: 2/37 MP: 0/14
  5233 | D:5      | Reached skill level 5 in Spellcasting
  5236 | D:5      | Noticed Menkaure
  5238 | D:5      | Killed Menkaure
  5691 | D:5      | Found a staircase to the Ecumenical Temple.
  6062 | D:6      | Reached XP level 8. HP: 42/42 MP: 11/18
  6613 | D:6      | Reached skill level 1 in Fighting
  7271 | D:7      | Offered knowledge of Searing Ray by Vehumet.
  7275 | D:7      | Learned a level 2 spell: Searing Ray
  7347 | D:7      | Reached ** piety under Vehumet
  7365 | D:7      | Reached skill level 5 in Conjurations
  7365 | D:7      | Reached skill level 10 in Fire Magic
  7365 | D:7      | Reached XP level 9. HP: 32/47 MP: 17/22
  8140 | D:7      | Offered knowledge of Dazzling Flash by Vehumet.
  8340 | D:7      | Noticed Joseph
  8353 | D:7      | Killed Joseph
  8794 | D:8      | Noticed Pikel
  8807 | D:8      | Killed Pikel
  9016 | D:8      | Reached skill level 10 in Spellcasting
  9019 | D:8      | Reached XP level 10. HP: 12/52 MP: 10/26
  9029 | D:8      | Noticed a two-headed ogre
  9259 | D:8      | Killed a two-headed ogre
  9471 | D:8      | Found a hazy altar of Hepliaklqana.
  9538 | D:8      | Found a broken altar of Ashenzari.
  9541 | D:8      | Found a staircase to the Lair.
  9858 | D:8      | Found Riuzeti's Lightly-Used Armoury.
 10076 | D:8      | Found a shimmering blue altar of Sif Muna.
 10477 | D:9      | Gained mutation: You have a pair of small antennae on your
                  | head. [potion of mutation]
 10477 | D:9      | Gained mutation: You have sharp toenails. [potion of
                  | mutation]
 10865 | D:9      | Reached *** piety under Vehumet
 11290 | D:9      | Reached skill level 5 in Dodging
 11739 | D:10     | Entered Level 10 of the Dungeon
 11835 | D:10     | Identified the +5 hand axe "Opodurch" {drain, rF++}
 11871 | D:10     | Noticed Harold
 11877 | D:10     | Mangled by Harold

Illustrated notes

Levels and vault maps discovered:
D:1:      dpeg_arrival_pits, layout_basic, shapermc_ecumenical_altar_acropolis
D:2:      layout_basic, grunt_ministairs_9
D:3:      layout_basic, lemuel_crystal_altar, general_overflow_altar,
          nicolae_overflow_two_pavilions, minmay_misc_feat_pillars
D:4:      layout_basic, kennysheep_mini_moat, ebering_ghost_rock_garden
D:5:      layout_basic, minmay_temple_entry_proselytizer, uniq_menkaure
D:6:      layout_cave_pods, chequers_jeans
D:7:      layout_loops_ring, minmay_tree_intersection,
          minmay_misc_feat_nine_boxes, nicolae_hexahallways,
          dreamdust_wishing_well, minivault_11, columned_hall_lemuel,
          uniq_joseph
D:8:      layout_cave_pools, mainiacjoe_overflow_concentric_impassable,
          nicolae_overflow_hidden_temple, led_sif_pool, lair_entry_dummy,
          minmay_liquid_box, minmay_shop_damaged, minmay_quadrilaterals,
          uniq_pikel
D:9:      layout_grid_maze
D:10:     layout_rooms, grunt_temple_overflow_holy_war, lemuel_crystal_altar,
          mainiacjoe_overflow_alcove_1, st_stairs_6, minmay_misc_feat_chi,
          minmay_misc_feat_square, uniq_grum, uniq_harold

Skill      XL: |  1  2  3  4  5  6  7  8  9 10 |
---------------+-------------------------------+-----
Fire Magic     | 4 5 7 8 10 11 | 11.5
Staves         | 1 2 3 4 |  4.4
Stealth        | 3 |  3.1
Conjurations   | 2 3 4 5 6 |  6.3
Spellcasting   | 5 7 10 11 | 11.3
Fighting       | 1 2 3 |  3.3
Dodging        | 4 5 |  5.1

Action                   |  1- 3 |  4- 6 |  7- 9 | 10-12 || total
-------------------------+-------+-------+-------+-------++-------
Melee: Quarterstaff      |    36 |    29 |    55 |    28 ||   148
 Cast: Foxfire           |    37 |    25 |    63 |       ||   125
       Scorch            |     7 |    27 |    49 |     8 ||    91
       Flame Wave        |       |     1 |    13 |    10 ||    24
       Searing Ray       |       |       |     5 |     1 ||     6
  Use: Scroll            |     3 |    11 |     1 |     3 ||    18
       Potion            |       |       |     2 |     3 ||     5
 Stab: Sleeping          |     6 |     2 |     2 |     1 ||    11
       Distracted        |       |       |     1 |       ||     1
Armor: Robe              |    14 |    14 |    26 |    17 ||    71
Dodge: Dodged            |    24 |    24 |    74 |    40 ||   162
